 Dungeon Crawl Stone Soup version 0.32-a0-981-g384da2ce10 (webtiles) character file.

Game seed: 4270391274948383937

35610 AwFulAwFulPlayer the Marksdemigod (level 13, -1/111 HPs)
             Began as a Demigod Hunter on Apr 20, 2024.
             Slain by a +0 flail of chaos (9 damage)
             ... on level 3 of the Lair of Beasts.
             The game lasted 00:24:57 (11994 turns).

AwFulAwFulPlayer the Marksdemigod (Demigod Hunter) Turns: 11994, Time: 00:24:58

Health: -1/111     AC:  9    Str: 12    XL:     13   Next: 17%
Magic:  6/16       EV: 18    Int: 11    God:
Gold:   977        SH:  0    Dex: 39    Spells: 12/12 levels left

rFire   . . .        H - +0 orcbow (freeze)
rCold   . . .        (shield currently unavailable)
rNeg    . . .        M - +0 troll leather armour
rPois   .            l - +2 helmet
rElec   .            i - +0 cloak
rCorr   .            (no gloves)
SInv    .            j - +0 pair of boots
Will    +....        J - amulet of regeneration
Stlth   +++          A - +6 ring of dexterity
HPRegen 1.98/turn    s - ring of willpower
MPRegen 0.15/turn

%: no passive effects
@: about to teleport, weak-willed, slowed, very slow
A: high MP 1, forlorn, divine attributes
a: no special abilities


You were on level 3 of the Lair of Beasts.
You visited 2 branches of the dungeon, and saw 14 of its levels.
You also visited: Volcano.

You collected 977 gold pieces.

Inventory:

Hand Weapons
 a - a +0 shortbow
 H - a +0 orcbow of freezing (weapon)
Missiles
 h - 3 silver javelins
 S - 2 throwing nets
Armour
 i - a +0 cloak (worn)
 j - a +0 pair of boots (worn)
 l - a +2 helmet (worn)
 M - a +0 troll leather armour (worn)
Jewellery
 d - an amulet of reflection
 k - the ring of Zaumno {rPois Str+4}
   (You took it off an orc wizard on level 8 of the Dungeon)

   [ring of poison resistance]

   Str+4:     It affects your strength (+4).
   rPois:     It protects you from poison.
 r - a ring of protection from cold
 s - a ring of willpower (right hand)
 x - a +6 ring of dexterity
 A - a +6 ring of dexterity (left hand)
 I - a ring of ice
 J - an amulet of regeneration (around neck)
 N - a ring of willpower
Wands
 b - a wand of flame (66)
 v - a wand of acid (10)
 D - a wand of charming (8)
 L - a wand of digging (2)
 P - a wand of warping (5)
Scrolls
 e - a scroll of poison
 f - 2 scrolls of noise
 m - a scroll of amnesia
 n - a scroll of teleportation
 p - a scroll of brand weapon
 y - 7 scrolls of fog
 z - 2 scrolls of silence
 G - 3 scrolls of revelation
 K - a scroll of enchant armour
 R - 3 scrolls of immolation
Potions
 c - 2 potions of curing
 g - 2 potions of magic
 o - 3 potions of lignification
 q - 4 potions of degeneration {unknown}
 t - 3 potions of heal wounds
 u - 3 potions of brilliance {unknown}
 w - 3 potions of might {unknown}
 B - 3 potions of enlightenment
 C - a potion of cancellation {unknown}
 E - a potion of experience {unknown}
 F - 2 potions of haste
 O - a potion of mutation {unknown}


   Skills:
 + Level 9.5 Fighting
 * Level 18.1 Ranged Weapons
 + Level 4.5 Armour
 + Level 5.5 Dodging
 - Level 0.8 Stealth
 - Level 1.0 Shields
 + Level 1.0 Evocations


You had 12 spell levels left.
You didn't know any spells.
Your spell library contained the following spells:

 Spells                   Type           Power      Damage    Failure   Level
 Dazzling Flash           Conj/Hex       0%         N/A       80%         3
 Frozen Ramparts          Ice            0%         1d1       80%         3
 Hailstorm                Conj/Ice       0%         3d5       80%         3
 Mephitic Cloud           Conj/Alch/Air  0%         N/A       80%         3
 Summon Blazeheart Golem  Fire/Summ      0%         N/A       99%         4
 Silence                  Hex/Air        0%         N/A       100%        5


Dungeon Overview and Level Annotations

Branches:
Dungeon (9/15)             Temple (0/1) D:7            Lair (5/5) D:9
  Swamp (0/4) Lair:3        Snake (0/4) Lair:3      Volcano (visited)
  Slime: Lair:4-5       Orc: D:9-12

Shops:
D:4 (

Annotations:
Lair:3 Niakunic's ghost, journeyman HOFi


Innate Abilities, Weirdness & Mutations

You have an increased reservoir of magic. (+10% MP)
You shall have no god before yourself.
Your divine heritage dramatically boosts your attributes as you level up.


Message History

The arrow hits the +0 flail of chaos but does no damage.
The +0 flail of chaos is heavily damaged.
The +0 flail of chaos completely misses you.
Niakunic's ghost hits you! Niakunic's ghost freezes you.
The +0 flail of chaos hits you!!
* * * LOW HITPOINT WARNING * * *
The +0 flail of chaos burns you!
* * * LOW HITPOINT WARNING * * *
Unknown command.
You feel much better. The +0 flail of chaos misses you.
Niakunic's ghost misses you. The +0 flail of chaos hits you!
* * * LOW HITPOINT WARNING * * *
The +0 flail of chaos burns you.
* * * LOW HITPOINT WARNING * * *
Niakunic's ghost hits you!
* * * LOW HITPOINT WARNING * * *
Niakunic's ghost freezes you.
* * * LOW HITPOINT WARNING * * *
Unknown command.
Unknown command.
You feel much better. The +0 flail of chaos hits you!
* * * LOW HITPOINT WARNING * * *
The +0 flail of chaos burns you.
* * * LOW HITPOINT WARNING * * *
The +0 flail of chaos completely misses you.
Niakunic's ghost hits you!
* * * LOW HITPOINT WARNING * * *
Niakunic's ghost freezes you.
* * * LOW HITPOINT WARNING * * *
The +0 flail of chaos hits you.
* * * LOW HITPOINT WARNING * * *
The +0 flail of chaos burns you.
* * * LOW HITPOINT WARNING * * *
Unknown command.
As you read the scroll of teleportation, it crumbles to dust.
You feel strangely unstable. The +0 flail of chaos hits you!
* * * LOW HITPOINT WARNING * * *
Niakunic's ghost hits you but does no damage.
The +0 flail of chaos hits you!
You die...

####....P.......................#
#...............................#
#P.P..<.PP...............###.....
#.P.###.#..........#....#.###....
#.P#..#.##...#.##.##..##### ##..#
....÷..÷##...#..#..#..## #...
#.......#.....###.##...## ##...
.................W......# #...#
....>...........@(....#.######..#
#....##......##.#####.....##.)..#
#....####...#######$#...####...##
#.<..# ##..# #._'...# ##..##
#....### #.## ##[#..## ##..##
.......###..# ###..# ##...P#
.......#...## ##.## ##.#..##
...........# #...###P......
...........# #.............


You could see a +0 flail of chaos and Niakunic's ghost.

Vanquished Creatures
  Kirke (Lair:4)
  A fire dragon (Volcano)
  A hydra (Lair:2)
  A ghost crab (Lair:3)
  2 two-headed ogres
  A skyshark (Lair:2)
  A spectral death yak (Lair:3)
  4 lindwurms
  An elephant (Lair:5)
  Maurice (D:7)
  5 black mambas
  8 cane toads
  A torpor snail (Lair:3)
  9 rime drakes
  4 komodo dragons
  A kobold demonologist (D:9)
  2 polar bears
  Prince Ribbit (D:7)
  8 dream sheep (Lair:3)
  21 blink frogs
  6 slime creatures (D:9)
  A spectral black mamba (Lair:3)
  19 yaks
  4 hogs (Lair:4)
  4 wyverns
  6 steam dragons
  Menkaure (D:6)
  2 spectral cane toads (Lair:3)
  3 nagas (Lair:3)
  12 water moccasins
  Duvessa (D:5)
  4 hell hounds (Volcano)
  3 ice beasts
  2 orc warriors
  3 sky beasts
  2 ogres (D:5)
  26 wolves
  5 centaurs
  A phantom (D:3)
  9 bullfrogs
  A spectral wyvern (Lair:3)
  4 wights
  Dowan (D:5)
  9 killer bees
  2 howler monkeys (D:8)
  A bombardier beetle (D:6)
  A hound (D:4)
  Crazy Yiuf (D:3)
  3 orc priests
  A jelly (D:7)
  2 sleepcaps (D:4)
  2 iguanas
  8 orc wizards
  Ijyb (D:4)
  6 adders
  13 gnolls
  2 white imps
  4 dart slugs
  3 ribbon worms
  19 orcs
  5 bats
  6 endoplasms
  8 giant cockroaches
  9 goblins
  7 hobgoblins
  A jackal (D:3)
  5 quokkas
  6 ball pythons
  7 frilled lizards
  5 kobolds
  7 rats
338 creatures vanquished.

Vanquished Creatures (collateral kills)
  A basilisk (Lair:1)
  A bullfrog (Lair:1)
2 creatures vanquished.

Vanquished Creatures (others)
  An ice beast (D:9)
1 creature vanquished.

Grand Total: 341 creatures vanquished

Notes
Turn   | Place    | Note
-------+----------+-------------------------------------------
     0 | D:1      | AwFulAwFulPlayer the Demigod Hunter began the quest for the
                  | Orb.
     0 | D:1      | Reached XP level 1. HP: 17/17 MP: 3/3
   301 | D:1      | Reached skill level 4 in Ranged Weapons
   310 | D:1      | Reached XP level 2. HP: 18/24 MP: 4/4
  1229 | D:2      | Reached XP level 3. HP: 29/29 MP: 5/5
  2154 | D:3      | Reached skill level 5 in Ranged Weapons
  2195 | D:3      | Reached XP level 4. HP: 33/36 MP: 6/6
  2542 | D:3      | Noticed a phantom
  2562 | D:3      | Killed a phantom
  2563 | D:3      | Reached XP level 5. HP: 33/41 MP: 7/7
  2876 | D:3      | Found a runed translucent door.
  2877 | D:3      | Noticed Crazy Yiuf
  3142 | D:3      | Reached skill level 1 in Armour
  3242 | D:3      | Killed Crazy Yiuf
  3243 | D:3      | Reached skill level 6 in Ranged Weapons
  3454 | D:4      | Noticed Ijyb
  3462 | D:4      | Killed Ijyb
  3662 | D:4      | Noticed a centaur
  3666 | D:4      | Killed a centaur
  3667 | D:4      | Reached XP level 6. HP: 37/48 MP: 8/8
  3733 | D:4      | Found Arusi's Antique Weapon Boutique.
  3959 | D:4      | Reached skill level 7 in Ranged Weapons
  4261 | D:5      | Entered Level 5 of the Dungeon
  4391 | D:5      | Reached XP level 7. HP: 29/56 MP: 9/9
  4827 | D:5      | Identified the +0 ring mail of the Other Side {+Inv rPois
                  | rN++ Int-3 SInv}
  5046 | D:6      | Noticed Duvessa
  5046 | D:6      | Noticed Dowan
  5179 | D:5      | Killed Duvessa
  5180 | D:5      | Reached skill level 8 in Ranged Weapons
  5185 | D:5      | Killed Dowan
  5304 | D:6      | Noticed Menkaure
  5308 | D:6      | Killed Menkaure
  5555 | D:6      | Reached XP level 8. HP: 62/62 MP: 10/10
  5700 | D:6      | Reached skill level 9 in Ranged Weapons
  5735 | D:6      | Reached skill level 1 in Shields
  6186 | D:7      | Noticed Maurice
  6191 | D:7      | Killed Maurice
  6192 | D:7      | Reached skill level 10 in Ranged Weapons
  6209 | D:7      | Noticed Prince Ribbit
  6233 | D:7      | Killed Prince Ribbit
  6234 | D:7      | Reached XP level 9. HP: 59/70 MP: 11/11
  6396 | D:7      | Reached skill level 11 in Ranged Weapons
  6601 | D:7      | Found a staircase to the Ecumenical Temple.
  6956 | D:8      | Noticed a two-headed ogre
  6964 | D:8      | Killed a two-headed ogre
  6965 | D:8      | Reached skill level 12 in Ranged Weapons
  7174 | D:8      | Identified the ring of Zaumno {rPois Str+4}
  7493 | D:9      | Noticed a two-headed ogre
  7497 | D:9      | Killed a two-headed ogre
  7526 | D:9      | Reached XP level 10. HP: 80/80 MP: 13/13
  7675 | D:9      | Reached skill level 13 in Ranged Weapons
  7852 | D:9      | Found a staircase to the Lair.
  7860 | D:9      | Reached skill level 5 in Fighting
  8370 | Lair:1   | Entered Level 1 of the Lair of Beasts
  8394 | Lair:1   | Reached skill level 14 in Ranged Weapons
  8573 | Lair:1   | Reached XP level 11. HP: 88/88 MP: 14/14
  8647 | Lair:1   | Found a dark tunnel.
  8647 | Lair:1   | Noticed a lindwurm
  8658 | Lair:1   | Killed a lindwurm
  8662 | Volcano  | Entered a volcano
  8792 | Volcano  | Reached skill level 15 in Ranged Weapons
  8802 | Volcano  | Noticed a lindwurm
  8809 | Volcano  | Noticed a lindwurm
  8813 | Volcano  | Noticed a lindwurm
  8814 | Volcano  | Killed a lindwurm
  8841 | Volcano  | Killed a lindwurm
  8843 | Volcano  | Killed a lindwurm
  8881 | Volcano  | Noticed a fire dragon
  8892 | Volcano  | Killed a fire dragon
  9144 | Lair:1   | Got the Almanac of the Monkey
  9738 | Lair:2   | Reached skill level 16 in Ranged Weapons
  9738 | Lair:2   | Reached skill level 1 in Evocations
  9769 | Lair:2   | Noticed an eight-headed hydra
  9776 | Lair:2   | Killed an eight-headed hydra
  9832 | Lair:2   | Noticed a skyshark
  9844 | Lair:2   | Killed a skyshark
  9890 | Lair:2   | Reached XP level 12. HP: 68/100 MP: 15/15
 10640 | Lair:3   | Found a runed translucent door.
 10644 | Lair:3   | You fall into a shaft and drop 2 floors!
 10644 | Lair:5   | Entered Level 5 of the Lair of Beasts
 10779 | Lair:4   | Reached skill level 17 in Ranged Weapons
 11003 | Lair:4   | Noticed Kirke
 11009 | Lair:4   | Killed Kirke
 11010 | Lair:4   | Reached skill level 5 in Dodging
 11367 | Lair:3   | Noticed Niakunic's ghost (journeyman HOFi)
 11379 | Lair:3   | Reached XP level 13. HP: 87/111 MP: 16/16
 11572 | Lair:3   | Found a staircase to the Snake Pit.
 11585 | Lair:3   | Reached skill level 18 in Ranged Weapons
 11900 | Lair:3   | Found a staircase to the Swamp.
 11994 | Lair:3   | Slain by a +0 flail of chaos

Illustrated notes

Levels and vault maps discovered:
D:1:      mrwooster_arrival_statue_2, layout_basic
D:2:      layout_basic, grunt_decor_arrowhead
D:3:      minmay_skewed_foursquare, layout_basic, lemuel_coloured_pillars_altar,
          dk_noncrumbling_2, kennysheep_generic_room_2, uniq_crazy_yiuf_cottage
D:4:      kennysheep_spiral_hall, layout_rooms, fedhas_altar_1,
          trog_butcher_becter, jmf_multi_god_temple, serial_shops, shop,
          uniq_ijyb
D:5:      layout_gridville, mainiacjoe_overflow_concentric_impassable,
          st_stairs_8
D:6:      layout_loops_cross, uniq_menkaure, uniq_duvessa
D:7:      layout_rooms, overflow_temple_1_default, general_overflow_altar,
          lemuel_tele_altar, minmay_temple_entry_grid, uniq_maurice,
          uniq_prince_ribbit1
D:8:      minmay_flawed_box, layout_loops_ring, mainiacjoe_overflow_paths
D:9:      layout_cave_pools, nicolae_sif_muna_condensation,
          jmf_multi_god_temple2, hellmonk_lair_entry_icy
Lair:1:   layout_long_grid, nicolae_volcano_entry_vermiform,
          lemuel_fruit_fields, infiniplex_staircase_pool
Lair:2:   layout_hall_layers
Lair:3:   layout_gridlike, nicolae_swamp_entry_spooky,
          minmay_snake_entry_guardpost_small, ebering_ghost_xom
Lair:4:   layout_loops_ring, uniq_kirke
Lair:5:   gammafunk_lair_ancient_temple, layout_small_grid, slime_entry_1,
          serial_bayou_shore_b

Skill      XL: |  1  2  3  4  5  6  7  8  9 10 11 12 13 |
---------------+----------------------------------------+-----
Ranged Weapons | 4 5 6 7 8 10 12 14 16 17 18 | 18.1
Dodging        | 2 3 4 5 |  5.5
Fighting       | 2 3 4 5 7 9 |  9.5
Armour         | 1 2 3 4 |  4.5
Shields        | 1 |  1.0
Evocations     | 1 |  1.0
Stealth        | |  0.8

Action                     |  1- 3 |  4- 6 |  7- 9 | 10-12 | 13-15 || total
---------------------------+-------+-------+-------+-------+-------++-------
   Fire: Shortbow          |   159 |   169 |    59 |       |       ||   387
         Orcbow            |       |       |   203 |   684 |    74 ||   961
  Evoke: Wand              |       |     3 |     2 |     8 |     1 ||    14
    Use: Scroll            |       |     9 |       |    11 |     1 ||    21
         Potion            |       |     1 |     1 |     2 |     2 ||     6
 Armour: Leather armour    |    40 |    29 |     5 |       |       ||    74
         Ring mail         |       |       |    49 |       |       ||    49
         Troll leather arm |       |       |    61 |   242 |    23 ||   326
  Dodge: Dodged            |    47 |    39 |   119 |   297 |    24 ||   526
  Block: Other             |       |    12 |    14 |       |       ||    26
         Reflection        |       |     5 |     1 |       |       ||     6

Table legend: (Time is in decaauts)
 A = Elapsed time spent in this place.
 B = Non-inter-level travel time spent in this place.
 C = Inter-level travel time spent in this place.
 D = Time resting spent in this place.
 E = Time spent auto-exploring this place.
 F = Levels seen in this place.
 G = Mean time per level.
                   A        B        C        D        E       F      G
               +--------+--------+--------+--------+--------+-----+--------+
         Total |  11878 |  11435 |    443 |    380 |   8618 |  15 |  791.9 |
       Dungeon |   8406 |   8033 |    373 |    380 |   6253 |   9 |  934.0 |
          Lair |   3164 |   3095 |     69 |      0 |   2217 |   5 |  632.8 |
       Volcano |    307 |    307 |      0 |      0 |    148 |   1 |  307.0 |
               +--------+--------+--------+--------+--------+-----+--------+

Top non-repeatable levels by time:
     D:3: 1319 daAuts
     D:1: 1099 daAuts
     D:5: 1020 daAuts
     D:2: 974 daAuts
  Lair:1: 960 daAuts
  Lair:3: 936 daAuts
     D:4: 921 daAuts
     D:6: 900 daAuts
     D:9: 896 daAuts
  Lair:2: 885 daAuts
     D:8: 735 daAuts
     D:7: 536 daAuts
 Volcano: 307 daAuts
  Lair:4: 302 daAuts
  Lair:5: 79 daAuts
